 Dungeon Crawl Stone Soup version 0.25.1-4-g9407a263a5 (webtiles) character file.

Game seed: 9888559320900051395

128 Gabide the Poker (level 4, -8/36 HPs)
             Began as a Demigod Gladiator on Nov 28, 2020.
             Mangled by Sigmund
             ... wielding a +2 vampiric scythe
              (14 damage)
             ... on level 3 of the Dungeon.
             The game lasted 00:06:22 (2039 turns).

Gabide the Poker (Demigod Gladiator)                Turns: 2039, Time: 00:06:22

Health: -8/36      AC:  7    Str: 19    XL:     4   Next: 58%
Magic:  6/6        EV: 11    Int: 12    God:
Gold:   159        SH:  0    Dex: 17    Spells: 3/3 levels left

rFire    . . .     SeeInvis .   a - +0 trident
rCold    . . .     Gourm    .   (no shield)
rNeg     . . .     Faith    .   i - +0 scale mail
rPois    .         Spirit   .   c - +0 helmet
rElec    .         Reflect  .   m - scarf {harm}
rCorr    .         Harm     +   (no gloves)
MR       .....                  (no boots)
Stlth    ..........             h - amulet of regeneration
HPRegen  0.52/turn              (no ring)
MPRegen  0.10/turn              (no ring)

@: hasted, very quick
A: high mp 1
a: no special abilities


You were on level 3 of the Dungeon.
You were not hungry.

You visited 1 branch of the dungeon, and saw 3 of its levels.

You collected 159 gold pieces.

Inventory:

Hand Weapons
 a - a +0 trident (weapon)
Armour
 c - a +0 helmet (worn)
 i - a +0 scale mail (worn)
 m - a scarf of harm (worn)
 p - a +0 chain mail
Jewellery
 h - an amulet of regeneration (around neck)
Scrolls
 b - 3 scrolls of identify
 o - a scroll of remove curse
 r - a scroll of fear {unknown}
Potions
 e - a potion of brilliance
 j - a potion of mutation {unknown}
 k - 2 potions of haste
 l - a potion of magic {unknown}
 n - a potion of might {unknown}
 q - a potion of flight {unknown}
Comestibles
 f - 11 rations
 g - 5 chunks of flesh


   Skills:
 + Level 2.2 Fighting
 * Level 4.2 Polearms
 - Level 1.7 Throwing
 * Level 1.0 Armour
 * Level 3.4 Dodging


You had 3 spell levels left.
You didn't know any spells.
Your spell library was empty.

Dungeon Overview and Level Annotations

Branches:
Dungeon (3/15)

Annotations:
D:3 Sigmund


Innate Abilities, Weirdness & Mutations

You have an increased reservoir of magic. (+10% MP)


Message History

Sigmund mumbles some strange words.
Sigmund flickers and vanishes!
Deactivating autopickup; reactivate with Ctrl-A.
There is a strange disturbance nearby!
There is a strange disturbance nearby!
There is a strange disturbance nearby!
There is a strange disturbance nearby!
There is a strange disturbance nearby!
You hit something but do no damage. Something hits you.
You miss something.
Your scale mail prevents you from hitting something.
Something hits you.
You puncture something! You miss something. Something hits you!
You closely miss something. You miss something. Something hits you.
* * * LOW HITPOINT WARNING * * *
You miss something. You hit something. Something hits you!
You die...

#.....<....#....... ...
#..........# ...... ...
#..........#...###.##.#
#..........#...###.#รท.#
#..........#.........##
##........#......#)...##
##..........##.####<....
#....(.....#............
#......@...#..<.........
#......{...#............
#..........#............
#..>.....(.#............
##........##............
##......###............
######## #............
#...........(
#############


There were no monsters in sight!

Vanquished Creatures
  An orc priest (D:3)
  3 adders
  3 leopard geckos
  2 orcs (D:3)
  5 bats
  5 giant cockroaches
  5 goblins
  10 hobgoblins
  8 jackals
  3 frilled lizards
  7 kobolds
  11 rats
63 creatures vanquished.

Notes
Turn   | Place    | Note
-------+----------+-------------------------------------------
     0 | D:1      | Gabide the Demigod Gladiator began the quest for the Orb.
     0 | D:1      | Reached XP level 1. HP: 17/17 MP: 3/3
   226 | D:1      | Reached skill level 3 in Polearms
   229 | D:1      | Reached XP level 2. HP: 22/24 MP: 4/4
   875 | D:2      | Found an opulent altar of Gozag.
   889 | D:2      | Reached XP level 3. HP: 25/29 MP: 5/5
   957 | D:2      | Found a snail-covered altar of Cheibriados.
  1032 | D:2      | Found a hide-covered altar of Uskayaw.
  1606 | D:3      | Found a bloodstained altar of Trog.
  1663 | D:3      | Reached skill level 4 in Polearms
  1663 | D:3      | Reached XP level 4. HP: 15/36 MP: 6/6
  1967 | D:3      | Reached skill level 1 in Armour
  2009 | D:3      | Noticed Sigmund
  2039 | D:3      | Mangled by Sigmund

Illustrated notes

Levels and vault maps discovered:
D:1:      ncdulo_wetmaze, layout_basic, serial_forest,
          infiniplex_forest_straight_4, infiniplex_forest_lined_2,
          infiniplex_forest_clump_diagonal, infiniplex_forest_side_room,
          infiniplex_forest_clump_double, infiniplex_forest_clump_C,
          infiniplex_forest_end_1, infiniplex_forest_lined_2, amethyst_killhole
D:2:      layout_basic, grunt_gozag_statues, eat_drink_and_be_merry_uskayaw,
          cheibriados_altar_1, guppyfry_early_lair_pool
D:3:      layout_rooms, bloody_trog, uniq_sigmund

Skill      XL: |  1  2  3  4 |
---------------+-------------+-----
Fighting       | 2 |  2.2
Polearms       | 3 4 |  4.2
Dodging        | 3 |  3.4
Armour         | 1 |  1.0
Throwing       | |  1.7

Action                   |  1- 3 |  4- 6 || total
-------------------------+-------+-------++-------
Melee: Trident           |   174 |    65 ||   239
Throw: Throwing net      |     3 |     2 ||     5
  Use: Scroll            |     6 |     1 ||     7
       Potion            |       |     1 ||     1
 Stab: Held in net/web   |     1 |       ||     1
  Eat: Chunk             |     3 |     1 ||     4
Armor: Leather armour    |     9 |       ||     9
       Ring mail         |    33 |       ||    33
       Scale mail        |    11 |    16 ||    27
Dodge: Dodged            |   112 |    24 ||   136
